 Dungeon Crawl Stone Soup version 0.31-a0-1204-ge2c1a860ed (webtiles) character file.

Game seed: 2592869646345344767

522 LeprechaunX the Changeling (level 7, -3/46 HPs)
             Began as an Octopode Shapeshifter on Dec 12, 2023.
             Slain by an orc warrior
             ... wielding a +0 long sword
              (14 damage)
             ... on level 4 of the Dungeon.
             The game lasted 00:03:19 (2611 turns).

LeprechaunX the Changeling (Octopode Shapeshifter)  Turns: 2611, Time: 00:03:20

Health: -3/46      AC:  1    Str: 14    XL:     7   Next: 22%
Magic:  8/8        EV: 13    Int: 12    God:
Gold:   119        SH:  5    Dex: 13    Spells: 5/8 levels left

rFire   . . .        o - +7 trident of the Reaper {venom, Stlth+}
rCold   . . .        (no shield)
rNeg    . . .        (helmet currently unavailable)
rPois   .            k - amulet of reflection
rElec   .            (no ring)
rCorr   .            (no ring)
SInv    .            (no ring)
Will    .....        (no ring)
Stlth   +++          (no ring)
HPRegen 0.27/turn    (no ring)
MPRegen 0.11/turn    (no ring)
                     (no ring)

%: reflection
@: beast-form
A: beast (slay +3), almost no armour, amphibious, 8 rings, camouflage 1,
gelatinous body 1, (nimble swimmer 1), tentacles
a: Begin Untransformation


You were on level 4 of the Dungeon.
You were a hulking beast.
You visited 1 branch of the dungeon, and saw 4 of its levels.

You collected 119 gold pieces.

Inventory:

Hand Weapons
 a - a +0 sling
 o - the +7 trident of the Reaper (weapon) {venom, Stlth+}
   (You found it on level 4 of the Dungeon)

   Stlth+:    It makes you more stealthy.
Jewellery
 k - an amulet of reflection (around mantle)
Talismans
 b - a beast talisman
 c - a flux talisman
Scrolls
 d - a scroll of noise
 f - a scroll of poison {unknown}
 g - 3 scrolls of identify
 p - a scroll of enchant weapon {unknown}
Potions
 e - a potion of might {unknown}
 h - a potion of curing {unknown}
 i - a potion of lignification
 j - a potion of invisibility {unknown}
 l - a potion of haste {unknown}
 m - a potion of brilliance {unknown}
 n - a potion of magic {unknown}
 q - a potion of attraction {unknown}


   Skills:
 + Level 3.4 Fighting
 - Level 2.0 Dodging
 + Level 4.5 Unarmed Combat
 + Level 1.2 Spellcasting
 + Level 1.3 Ice Magic
 * Level 5.4 Shapeshifting


You had 5 spell levels left.
You knew the following spells:

 Your Spells              Type           Power      Damage    Failure   Level
a - Frozen Ramparts       Ice            6%         1d1       45%         3

Your spell library contained the following spells:

 Spells                   Type           Power      Damage    Failure   Level
 Ozocubu's Armour         Ice            3%         N/A       45%         3
 Animate Dead             Necr           0%         N/A       96%         4
 Petrify                  Tmut/Erth      0%         N/A       96%         4
 Metabolic Englaciation   Hex/Ice        1%         N/A       99%         5
 Borgnjor's Vile Clutch   Necr/Erth      0%         N/A       100%        5
 Death Channel            Necr           0%         N/A       100%        6
 Ozocubu's Refrigeration  Ice            1%         4d7       100%        7


Dungeon Overview and Level Annotations

Branches:
Dungeon (4/15)
 Temple: D:4-7

Altars:
Gozag
Xom

Shops:
D:4 (


Innate Abilities, Weirdness & Mutations

You are a hulking beast.
Your limbs bulge with bestial killing power. (Slay +3)
You cannot wear most types of armour.
You are amphibious.
You can wear up to eight rings at the same time.
Your skin changes colour to match your surroundings (Stealth+).
Your rubbery body absorbs attacks. (AC +1, EV +1)
((You are camouflaged when in or above water. (Stealth+)))
You have tentacles for arms and can constrict up to eight enemies at once.


Message History

Key pressed, stopping explore.
You enter the shallow water.
There is a shimmering altar of Xom here.
There is a fountain of clear blue water here.
An orc priest comes into view. It is wielding a +0 whip.
An orc priest is nearby!
An orc priest is nearby!
An orc priest is nearby!
An orc priest comes into view. It is wielding a +0 hand axe.
An orc comes into view.
It is wielding a +1 war axe of electrocution.
Found 2 lumpy purple potions.
An orc warrior comes into view. It is wielding a +0 long sword.
Found a brass wand.
The orc priest shouts!
The orc shouts!
The orc warrior shouts!
A quokka comes into view.
The orc priest looks satisfied for a moment.
You reach to attack!
You closely miss the orc priest.
You hit the orc priest but do no damage.
The orc priest is poisoned.
Your grab misses the orc priest. You squeeze the orc priest!
The orc priest is almost dead.
The orc priest invokes the aid of Beogh against you.
Beogh smites you!
You completely miss the orc priest. You grab the orc priest.
The orc priest is almost dead.
You constrict the orc priest, but do no damage.
You kill the orc priest!
A kobold comes into view.
It is wielding a +0 dagger and quivering poisoned darts.
The orc hits you with a +1 war axe of electrocution!
The orc warrior hits you with a +0 long sword.
The orc hits you with a +1 war axe of electrocution.
The orc priest hits you with a +0 whip.
* * * LOW HITPOINT WARNING * * *
Unknown command.
Okay, then.
As you read the scroll labelled TALAEBB DADYIFF, it crumbles to dust.
It is a scroll of identify.
d - a scroll of noise The orc warrior hits you with a +0 long sword!
You die...

## ###### ##
.###..#.#### ##.##
..##.....#.###...###
.........#.........# .
#..................## ..
#...................#...
#.......................
#........##......o......
#.[.....###.....ho......
#.#...#..##.##.$ro......
⌠.#.......#.##..........
#.##........####...#...#
#.....#..... ....# ...
#.....####.. ..!.. .#
.###....# . ../..K # .
#.#..# .......# #
#.##...#


You could see an orc warrior, an orc priest, an orc, a quokka and a kobold.

Vanquished Creatures
  Grinder (D:3)
  Sigmund (D:2)
  An orc priest (D:4)
  Terence (D:2)
  Robin (D:3)
  2 adders (D:3)
  2 worms
  5 dart slugs
  8 bats
  6 endoplasms
  3 giant cockroaches
  20 goblins
  4 hobgoblins
  4 kobolds
  3 quokkas
  6 ball pythons
  2 frilled lizards (D:1)
  3 rats (D:1)
73 creatures vanquished.

Notes
Turn   | Place    | Note
-------+----------+-------------------------------------------
     0 | D:1      | LeprechaunX the Octopode Shapeshifter began the quest for
                  | the Orb.
     0 | D:1      | Reached XP level 1. HP: 13/13 MP: 1/1
    81 | D:1      | Reached XP level 2. HP: 16/18 MP: 2/2
   297 | D:1      | Reached XP level 3. HP: 23/23 MP: 3/3
   597 | D:2      | Noticed Terence
   606 | D:2      | Killed Terence
   607 | D:2      | Reached XP level 4. HP: 15/29 MP: 4/4
   702 | D:2      | Noticed Sigmund
   718 | D:2      | Killed Sigmund
   719 | D:2      | Reached skill level 4 in Shapeshifting
   719 | D:2      | Reached XP level 5. HP: 7/36 MP: 5/5
   719 | D:2      | Reached XP level 6. HP: 8/41 MP: 6/6
  1024 | D:2      | Found a faded altar of an unknown god.
  1457 | D:2      | Learned a level 3 spell: Frozen Ramparts
  1630 | D:3      | Found an opulent altar of Gozag.
  1680 | D:3      | Noticed Robin
  1705 | D:3      | Killed Robin
  1910 | D:3      | Reached skill level 5 in Shapeshifting
  2021 | D:3      | Noticed Grinder
  2028 | D:3      | Killed Grinder
  2029 | D:3      | Reached skill level 1 in Spellcasting
  2029 | D:3      | Reached skill level 1 in Ice Magic
  2029 | D:3      | Reached XP level 7. HP: 17/46 MP: 6/8
  2455 | D:4      | Found Tuaj's Antique Weapon Shoppe.
  2512 | D:4      | Identified the +7 trident of the Reaper {venom, Stlth+}
  2542 | D:4      | Found a shimmering altar of Xom.
  2569 | D:4      | Found a shimmering altar of Xom.
  2579 | D:4      | Found a shimmering altar of Xom.
  2582 | D:4      | Found a shimmering altar of Xom.
  2611 | D:4      | Slain by an orc warrior

Illustrated notes

Levels and vault maps discovered:
D:1:      minmay_arrival_stone_box, layout_rooms
D:2:      layout_basic, chequers_ecumenical_altar_grove, uniq_terence,
          uniq_sigmund
D:3:      layout_basic, lemuel_crystal_altar, minmay_misc_feat_four_crosses,
          uniq_robin, uniq_grinder
D:4:      layout_cave_pools, xom_redecorated, grunt_ministairs_15,
          nicolae_stop_n_shop_1

Skill      XL: |  1  2  3  4  5  6 |
---------------+-------------------+-----
Fighting       | 2 3 |  3.4
Unarmed Combat | 4 |  4.5
Shapeshifting  | 4 5 |  5.4
Spellcasting   | 1 |  1.2
Ice Magic      | 1 |  1.3
Dodging        | |  2.0

Action                     |  1- 3 |  4- 6 |  7- 9 || total
---------------------------+-------+-------+-------++-------
  Melee: Unarmed           |    62 |    58 |    14 ||   134
         Constrict         |    12 |    13 |     5 ||    30
         Tentacles         |     9 |     9 |     6 ||    24
         Punch             |     1 |       |     1 ||     2
         Trident           |       |       |     4 ||     4
    Use: Potion            |       |     1 |       ||     1
         Scroll            |       |       |     1 ||     1
   Stab: Sleeping          |     4 |     3 |     1 ||     8
 Armour: Skin              |    31 |    42 |    10 ||    83
  Dodge: Dodged            |    37 |    26 |     5 ||    68
  Block: Other             |       |     7 |     4 ||    11
         Reflection        |       |     1 |       ||     1

Table legend: (Time is in decaauts)
 A = Elapsed time spent in this place.
 B = Non-inter-level travel time spent in this place.
 C = Inter-level travel time spent in this place.
 D = Time resting spent in this place.
 E = Time spent auto-exploring this place.
 F = Levels seen in this place.
 G = Mean time per level.
                   A        B        C        D        E       F      G
               +--------+--------+--------+--------+--------+-----+--------+
         Total |   2601 |   2436 |    165 |    162 |   1828 |   4 |  650.2 |
       Dungeon |   2601 |   2436 |    165 |    162 |   1828 |   4 |  650.2 |
               +--------+--------+--------+--------+--------+-----+--------+

Top non-repeatable levels by time:
     D:2: 958 daAuts
     D:3: 894 daAuts
     D:1: 591 daAuts
     D:4: 156 daAuts
